 Dungeon Crawl Stone Soup version 0.19.0-20-gbc5f0c6 (webtiles) character file.

513 dracos369 the Carver (level 7, -2/41 HPs)
             Began as a Tengu Abyssal Knight on Nov 17, 2016.
             Was a Believer of Lugonu.
             Slain by a centaur (4 damage)
             ... on level 5 of the Dungeon.
             The game lasted 00:11:33 (4276 turns).

dracos369 the Carver (Tengu Abyssal Knight)         Turns: 4276, Time: 00:11:34

Health: -2/41      AC:  4    Str: 13    XL:     7   Next: 19%
Magic:  7/9        EV: 13    Int: 12    God:    Lugonu [**....]
Gold:   206        SH:  0    Dex: 15    Spells: 0 memorised, 6 levels left

rFire  . . .     SeeInvis .     z - +0 long sword
rCold  . . .     Gourm    .     r - +1 leather armour {rN+}
rNeg   + + .     Faith    .     (no shield)
rPois  .         Spirit   .     (helmet restricted)
rElec  .         Reflect  .     (no cloak)
rCorr  .         Harm     .     (no gloves)
MR     .....                    (boots unavailable)
Stlth  +.........               (no amulet)
                                (no ring)
                                j - ring of positive energy

@: flying quickly and evasively, quick
A: beak, talons 3, able to fly 1
a: Depart the Abyss, Bend Space, Renounce Religion


You were on level 5 of the Dungeon.
You worshipped Lugonu.
Lugonu was pleased with you.
You were hungry.

You visited 1 branch of the dungeon, and saw 5 of its levels.
You visited the Abyss 1 time.

You collected 206 gold pieces.

Inventory:

Hand Weapons
 a - a +1 falchion
 z - a +0 long sword (weapon)
Missiles
 y - 5 tomahawks (quivered)
Armour
 r - a +1 leather armour of positive energy (worn)
Jewellery
 j - a ring of positive energy (left hand)
Scrolls
 b - a scroll of remove curse {unknown}
 d - 5 scrolls of identify {unknown}
 e - a scroll of fear {unknown}
 h - a scroll of blinking {unknown}
 k - 2 scrolls of noise {unknown}
 l - a scroll of enchant armour {unknown}
 n - a scroll of recharging {unknown}
 p - a scroll of enchant weapon {unknown}
 q - a scroll of random uselessness {unknown}
 t - a scroll of immolation {unknown}
 v - a scroll of fog {unknown}
 w - 2 scrolls of teleportation {unknown}
Potions
 f - 2 potions of curing {unknown}
 i - a potion of brilliance {unknown}
 o - a potion of degeneration {unknown}
 x - a potion of flight {unknown}
Comestibles
 c - 6 bread rations
 g - 2 meat rations
 s - 2 beef jerkies


   Skills:
 - Level 3.0 Fighting
 + Level 8.4 Long Blades
 - Level 2.1 Armour
 - Level 1.1 Dodging
 - Level 1.5 Invocations


You had 6 spell levels left.
You didn't know any spells.

Dungeon Overview and Level Annotations

Branches:
Dungeon (5/15)
 Temple: D:4-7

Altars:
Cheibriados
Elyvilon
Ru
Uskayaw

Annotations:
D:4 Edmund


Innate Abilities, Weirdness & Mutations

You have a beak for a mouth.
You have claws for feet.
You can fly.


Message History

You barely miss the centaur. Your kick misses the centaur.
The centaur barely misses you.
You riposte.
You barely miss the centaur. Your peck misses the centaur.
The centaur misses you.
You barely miss the centaur. You claw the centaur, but do no damage.
You peck the centaur, but do no damage. The centaur hits you!
* * * LOW HITPOINT WARNING * * *
You slash the centaur! You claw the centaur.
You peck the centaur, but do no damage.
The centaur is heavily wounded.
The centaur hits you.
* * * LOW HITPOINT WARNING * * *
Unknown command.
You hit the centaur. You claw the centaur.
The centaur is severely wounded.
The centaur barely misses you.
The centaur hits you but does no damage.
You hit the centaur.
The centaur is severely wounded.
The centaur hits you.
You die...

...........##
..#####.###.## #.
###<## ##.## #. #...#
#..# ##.##.#.## ##..#
#.....##.###.#.#
#...#####...##.#
#.#.# ##.###.# # #@#
#.# #.# #.....c# #.#
#.### ......%.# #.#
#...# ........# #.#
###.# ##.(..... ..#
#.# #....... ### #.#
#.#..#..###########.#
#.#..#..............#
............#


You could see a centaur.

Vanquished Creatures
  An ogre (D:4)
  A scorpion (D:5)
  A howler monkey (D:4)
  An orc priest (D:3)
  A hound (D:4)
  2 orc wizards (D:4)
  2 bullfrog skeletons
  An iguana (D:4)
  A worker ant (D:3)
  The ghost of dscm the Insei, a weakling OpTm (D:4)
  2 hound skeletons
  An adder (D:3)
  An ooze (D:2)
  A worm (D:4)
  3 dart slugs
  The ghost of dscm the Insei, a weakling OpTm (D:3)
  12 orcs
  2 bats (D:3)
  3 giant cockroaches
  4 hobgoblins
  4 jackals (D:1)
  2 quokkas (D:4)
  A ball python (D:1)
  2 goblins
  9 kobolds
  A leopard gecko skeleton (D:4)
  5 rats
66 creatures vanquished.

Notes
Turn   | Place    | Note
-------+----------+-------------------------------------------
     0 | Abyss:1  | dracos369 the Tengu Abyssal Knight began the quest for the Orb.
     0 | Abyss:1  | Reached XP level 1. HP: 14/14 MP: 3/3
    16 | Abyss:1  | Found a corrupted altar of Lugonu.
    19 | D:1      | Escaped the Abyss
   110 | D:1      | Reached XP level 2. HP: 14/19 MP: 4/4
   162 | D:1      | Reached skill level 3 in Long Blades
   654 | D:2      | Reached XP level 3. HP: 14/23 MP: 5/5
   888 | D:2      | Found a snail-covered altar of Cheibriados.
   889 | D:2      | Reached ** piety under Lugonu
  1112 | D:1      | Reached skill level 4 in Long Blades
  1130 | D:3      | Found a faded altar of an unknown god.
  1184 | D:3      | Reached XP level 4. HP: 16/28 MP: 6/6
  1431 | D:3      | Reached skill level 5 in Long Blades
  1522 | D:3      | Noticed dscm's ghost (weakling OpTm)
  1528 | D:3      | Killed dscm's ghost
  1606 | D:3      | Found a faded altar of an unknown god.
  1606 | D:3      | Found a sacrificial altar of Ru.
  1611 | D:3      | Found a faded altar of an unknown god.
  1614 | D:3      | Found a hide-covered altar of Uskayaw.
  1615 | D:3      | Found a white marble altar of Elyvilon.
  1809 | D:4      | Gained mutation: You can fly. [Tengu growth]
  1809 | D:4      | Reached XP level 5. HP: 32/32 MP: 7/7
  1829 | D:4      | Noticed an ogre
  1841 | D:4      | Killed an ogre
  1841 | D:4      | Reached skill level 6 in Long Blades
  2294 | D:4      | Noticed dscm's ghost (weakling OpTm)
  2570 | D:3      | Reached XP level 6. HP: 5/37 MP: 5/8
  2969 | D:4      | Killed dscm's ghost
  3085 | D:4      | Reached skill level 7 in Long Blades
  3855 | D:4      | Reached skill level 8 in Long Blades
  3855 | D:4      | Reached XP level 7. HP: 29/41 MP: 9/9
  4031 | D:4      | Noticed Edmund
  4056 | D:5      | Entered Level 5 of the Dungeon
  4274 | D:5      | HP: 1/41 [centaur (2)]
  4276 | D:5      | Slain by a centaur

Skill      XL: |  1  2  3  4  5  6 |
---------------+-------------------+-----
Long Blades    | 3 4 5 6 8 |  8.4
Fighting       | |  3.0
Armour         | |  2.1
Dodging        | |  1.1
Invocations    | |  1.5

Action                   |  1- 3 |  4- 6 |  7- 9 || total
-------------------------+-------+-------+-------++-------
Melee: Falchion          |    57 |    53 |       ||   110
       Kick              |    11 |    43 |     7 ||    61
       Peck              |     7 |    34 |     3 ||    44
       Long sword        |       |    77 |    18 ||    95
Throw: Tomahawk          |       |     7 |     2 ||     9
 Abil: Fly               |       |     8 |     2 ||    10
  Use: Potion            |       |       |     1 ||     1
 Stab: Sleeping          |       |     1 |       ||     1
  Eat: Chunk             |     1 |     8 |     1 ||    10
       Pizza             |       |     1 |       ||     1
Armor: Leather armour    |     7 |    25 |     1 ||    33
Dodge: Dodged            |    36 |   113 |    14 ||   163
       Rpst.: Falchion   |    11 |    22 |       ||    33
       Long sword        |       |    18 |     4 ||    22
